 Dungeon Crawl Stone Soup version 0.30-a0-924-g0ad0bf95bc (webtiles) character file.

Game seed: 2926203306842841933

114 retardedninja the Covered (level 4, 0/40 HPs)
             Began as an Armataur Fighter on Mar 22, 2023.
             Slain by an orc
             ... wielding a +0 flail
              (2 damage)
             ... on level 3 of the Dungeon.
             The game lasted 00:02:05 (2169 turns).

retardedninja the Covered (Armataur Fighter)        Turns: 2169, Time: 00:02:06

Health: 0/40       AC:  7    Str: 23    XL:     4   Next: 66%
Magic:  4/4        EV:  7    Int:  9    God:
Gold:   225        SH:  4    Dex:  9    Spells: 3/3 levels left

rFire   . . .      SeeInvis .    a - +0 war axe
rCold   . . .      Faith    .    c - +0 buckler
rNeg    . . .      Spirit   .    b - +0 scale mail
rPois   .          Reflect  .    (no helmet)
rElec   .          Roll     +    (no cloak)
rCorr   .                        (no gloves)
Will    .....                    (no barding) Stlth
                                 (no amulet)
HPRegen 0.26/turn                (no ring)
MPRegen 0.09/turn                (no ring)

@: no status effects
A: large, rugged brown scales 3, deformed body, armoured tail, roll, long
tongue, awkward tongue
a: no special abilities


You were on level 3 of the Dungeon.
You visited 1 branch of the dungeon, and saw 3 of its levels.

You collected 225 gold pieces.

Inventory:

Hand Weapons
 a - a +0 war axe (weapon)
Armour
 b - a +0 scale mail (worn)
 c - a +0 buckler (worn)
Jewellery
 k - a ring of wizardry
Scrolls
 e - a scroll of enchant armour {unknown}
 f - a scroll of vulnerability {unknown}
 g - a scroll of blinking {unknown}
 h - 3 scrolls of noise {unknown}
 i - a scroll of identify {unknown}
 j - a scroll of amnesia {unknown}
 l - a scroll of fear {unknown}
Potions
 d - a potion of might
 m - a potion of attraction {unknown}


   Skills:
 + Level 3.3 Fighting
 * Level 2.8 Axes
 + Level 4.3 Armour
 + Level 3.9 Shields


You had 3 spell levels left.
You didn't know any spells.
Your spell library was empty.

Dungeon Overview and Level Annotations

Branches:
Dungeon (3/15)

Altars:
Fedhas
Makhleb
Uskayaw

Shops:
D:1 =   D:2 !


Innate Abilities, Weirdness & Mutations

You are completely covered in rugged brown scales. (AC +3, +7% HP)
Armour fits poorly on your strangely shaped body.
You have a long armoured tail.
You roll when moving toward enemies. (Rampage)
Your long tongue fully drains potion bottles. (2x potion effects)
Your tongue gives you trouble enunciating. (1.5x scroll delay)


Message History

You are too injured to fight recklessly!
You are too injured to fight recklessly!
You are too injured to fight recklessly!
You are too injured to fight recklessly!
You are too injured to fight recklessly!
You are too injured to fight recklessly!
You are too injured to fight recklessly!
You are too injured to fight recklessly!
You are too injured to fight recklessly!
You are too injured to fight recklessly!
You roll towards the orc!
You barely miss the orc. You closely miss the orc. The orc barely misses you.
The orc completely misses you. The orc hits you with a +0 flail.
The orc barely misses you.
Something unexpectedly blocked you, preventing you from rolling!
You barely miss something. You closely miss the orc. You slash the orc!
You kill the orc!
Something hits you but does no damage.
The orc hits you from afar with a +0 trident.
The orc hits you but does no damage.
Something unexpectedly blocked you, preventing you from rolling!
You miss something. You tail-slap something. You hit the orc but do no damage.
Something hits you but does no damage. The orc closely misses you.
The orc barely misses you. The orc hits you with a +0 flail.
You block something's attack. The orc barely misses you.
Something unexpectedly blocked you, preventing you from rolling!
You barely miss something. You closely miss the orc.
The orc hits you but does no damage.
You hear some strange, mumbled words.
A puff of flame appears from out of thin air!
The puff of flame hits you. The orc hits you but does no damage.
Something unexpectedly blocked you, preventing you from rolling!
You miss something. You barely miss the orc.
The orc hits you from afar with a +0 trident.
* * * LOW HITPOINT WARNING * * *
You hear some strange, mumbled words.
A puff of flame appears from out of thin air!
The puff of flame hits you!
* * * LOW HITPOINT WARNING * * *
The orc hits you with a +0 flail.
You die...

....######....#
#..........### ..###
####.##########.###.###
##########
#............#.....#
#........#
##.##########.#.....##
########.###...##
#........#
#.##..#..####
###......# #....###....
#.######
####..#.o####.# ###
##...)@{o..#
########..... ... #


You could see 2 orcs.

Vanquished Creatures
  A jelly (D:3)
  3 adders (D:3)
  3 orcs (D:3)
  3 ball pythons (D:1)
  5 bats
  8 endoplasms
  A giant cockroach (D:1)
  4 goblins (D:1)
  3 hobgoblins
  4 jackals (D:3)
  5 frilled lizards
  5 kobolds (D:1)
  A rat (D:3)
46 creatures vanquished.

Notes
Turn   | Place    | Note
-------+----------+-------------------------------------------
     0 | D:1      | retardedninja the Armataur Fighter began the quest for the
                  | Orb.
     0 | D:1      | Reached XP level 1. HP: 19/19 MP: 1/1
   148 | D:1      | Reached XP level 2. HP: 10/26 MP: 2/2
   421 | D:1      | Found Cakuor's Jewellery Shop.
   799 | D:1      | Reached skill level 4 in Armour
  1055 | D:2      | Reached XP level 3. HP: 32/32 MP: 3/3
  1178 | D:2      | Found Elo Niaw's Distillery.
  1924 | D:3      | Reached XP level 4. HP: 35/40 MP: 4/4
  2108 | D:3      | Found a burning altar of Makhleb.
  2114 | D:3      | Found a blossoming altar of Fedhas.
  2119 | D:3      | Found a hide-covered altar of Uskayaw.
  2169 | D:3      | HP: 2/40 [something/puff of flame (8)]
  2169 | D:3      | Slain by an orc

Illustrated notes

Levels and vault maps discovered:
D:1:      pf_arrival_petrified_forest, layout_basic, serial_shops,
          nicolae_lakefront_shop
D:2:      layout_basic, serial_shops, shop
D:3:      layout_loops_ring, minmay_overflow_temple_star_quad, trog_wizard,
          glass_columns_a

Skill      XL: |  1  2  3 |
---------------+----------+-----
Axes           | 2 |  2.8
Armour         | 4 |  4.3
Fighting       | 3 |  3.3
Shields        | |  3.9

Action                     |  1- 3 |  4- 6 || total
---------------------------+-------+-------++-------
  Melee: War axe           |    99 |    21 ||   120
         Tailslap          |     4 |     4 ||     8
    Use: Potion            |     1 |       ||     1
 Armour: Scale mail        |    51 |    11 ||    62
  Dodge: Dodged            |    46 |     9 ||    55
  Block: Buckler           |    19 |     3 ||    22

Table legend: (Time is in decaauts)
 A = Elapsed time spent in this place.
 B = Non-inter-level travel time spent in this place.
 C = Inter-level travel time spent in this place.
 D = Time resting spent in this place.
 E = Time spent auto-exploring this place.
 F = Levels seen in this place.
 G = Mean time per level.
                   A        B        C        D        E       F      G
               +--------+--------+--------+--------+--------+-----+--------+
         Total |   2219 |   2144 |     75 |    400 |   1452 |   3 |  739.7 |
       Dungeon |   2219 |   2144 |     75 |    400 |   1452 |   3 |  739.7 |
               +--------+--------+--------+--------+--------+-----+--------+

Top non-repeatable levels by time:
     D:1: 1079 daAuts
     D:3: 714 daAuts
     D:2: 426 daAuts
